 Dungeon Crawl Stone Soup version 0.21.1-1-g345015f (webtiles) character file.

2368 snha the Spear-Bearer (level 9, -6/64 HPs)
             Began as a Formicid Fighter on July 18, 2018.
             Killed from afar by a starcursed mass (9 damage)
             ... with an accursed screaming
             ... on level 1 of the Abyss.
             The game lasted 00:20:57 (7306 turns).

snha the Spear-Bearer (Formicid Fighter)            Turns: 7306, Time: 00:20:58

Health: -6/64      AC: 13    Str: 21    XL:     9   Next: 72%
Magic:  9/9        EV:  4    Int: 11    God:
Gold:   549        SH:  9    Dex: 10    Spells: 8/8 levels left

rFire    . . .     SeeInvis +   k - +0 halberd
rCold    . . .     Gourm    .   c - +0 shield
rNeg     . . .     Faith    .   E - +0 plate armour (curse)
rPois    .         Spirit   .   (helmet unavailable)
rElec    .         Reflect  .   z - +0 cloak
rCorr    .         Harm     .   (no gloves)
MR       .....                  s - +0 pair of boots
Stlth    ..........             (no amulet)
HPRegen  0.20/turn              (no ring)
MPRegen  0.11/turn              (no ring)

@: no status effects
A: permanent stasis, dig shafts and tunnels, four strong arms, antennae 3
a: Dig, Shaft Self


You were on level 1 of the Abyss.
You were hungry.

You visited 1 branch of the dungeon, and saw 7 of its levels.
You visited the Abyss 1 time.

You collected 549 gold pieces.

Inventory:

Hand Weapons
 a - a +0 trident
 k - a +0 halberd (weapon)
 u - a +0 blowgun
Missiles
 d - 7 steel tomahawks (quivered)
 e - 83 bolts
 v - 24 poisoned needles
 C - 6 curare-tipped needles
Armour
 b - a +0 scale mail
 c - a +0 shield (worn)
 s - a +0 pair of boots (worn)
 z - a +0 cloak (worn)
 E - a cursed +0 plate armour (worn)
Jewellery
 i - an uncursed ring of protection from fire {unknown}
 m - an uncursed ring of wizardry {unknown}
 r - a +5 ring of intelligence {unknown}
 w - an uncursed ring of see invisible {unknown}
Wands
 A - a wand of flame (10)
Scrolls
 g - 3 scrolls of magic mapping {unknown}
 h - 5 scrolls of teleportation {unknown}
 l - 2 scrolls of amnesia {unknown}
 n - a scroll of fog {unknown}
 o - 3 scrolls of blinking {unknown}
 q - 4 scrolls of identify {unknown}
 t - a scroll of enchant weapon {unknown}
 y - a scroll of enchant armour {unknown}
 B - a scroll of remove curse {unknown}
Potions
 j - 2 potions of brilliance
 p - a potion of resistance
 F - 2 potions of haste
Books
 x - a book of Necromancy

   Spells                             Type                      Level
   a - Pain                           Necromancy                   1
   b - Animate Skeleton               Necromancy                   1
   c - Vampiric Draining              Necromancy                   3
   d - Regeneration                   Charms/Necromancy            3
   e - Animate Dead                   Necromancy                   4
   f - Borgnjor's Vile Clutch         Necromancy/Earth             5
Comestibles
 f - 10 rations


   Skills:
 - Level 3.2 Fighting
 + Level 12.2 Polearms
 - Level 3.2 Armour
 - Level 3.6 Shields


You had 8 spell levels left.
You didn't know any spells.

Dungeon Overview and Level Annotations

Branches:
Dungeon (8/15)
 Temple: D:4-7         Lair: D:8-11

Altars:
Ashenzari
Dithmenos
Fedhas
Kikubaaqudgha
Vehumet

Annotations:
D:7 Dowan; imWUMPUS's ghost, novice SpEn


Innate Abilities, Weirdness & Mutations

You cannot be hasted, slowed, berserked, paralysed or teleported.
You can dig through walls and to a lower floor.
Your four strong arms can wield two-handed weapons with a shield.
You have a pair of large antennae on your head. (SInv)


Message History

You dig through the rock wall.
You retract your mandibles.
Attack whom?
Press: ? - help, Dir - move target cursor, f - flying skull
Aim: a flying skull You reach to attack!
You miss the flying skull.
The flying skull hits you but does no damage.
You closely miss the flying skull.
The flying skull hits you but does no damage.
A starcursed mass splits.
A chorus of shrieks assaults your mind.
Your shield and plate armour prevent you from hitting the flying skull.
You block the flying skull's attack. The flying skull hits you.
* * * LOW HITPOINT WARNING * * *
A chorus of shrieks assaults your mind.
* * * LOW HITPOINT WARNING * * *
You completely miss the flying skull. The flying skull hits you!
* * * LOW HITPOINT WARNING * * *
A chorus of shrieks assaults your mind.
You die...

## .#. ..#
....
§###.#..
#.#.##z§ # #
.#
#..X#..#.# #
#.#..... #
#.# #.# .#
#.###.###.
#.#..z#.##.#
# X###@.# .
##.##.## ..
# .#X.#
#...X##
#.........#
#...##.#...#
#..##. #.
#.# .... #
#. . #..##
#..


You could see 2 starcursed masses and a flying skull.

Vanquished Creatures
  A hippogriff (D:8)
  A hungry ghost (D:8)
  A large abomination (Abyss:1)
  A steam dragon (D:8)
  Duvessa (D:7)
  The ghost of todius the Sneak, an amateur SpAs of Okawaru (D:6)
  A water moccasin (D:6)
  2 ice beasts (D:6)
  2 sky beasts (D:7)
  An ogre (D:8)
  2 small abominations (Abyss:1)
  5 bullfrogs
  The ghost of imWUMPUS the Sneak, an amateur SpEn (D:3)
  2 howler monkeys (D:8)
  A crimson imp (D:5)
  A bullfrog zombie (D:7)
  An orc priest (D:3)
  Jessica (D:3)
  An iguana (D:7)
  2 worker ants (D:7)
  A hound skeleton (D:6)
  A hound zombie (D:5)
  4 gnolls (D:6)
  5 adders
  A white imp (Abyss:1)
  An ooze (D:1)
  A worm (D:3)
  A dart slug (D:3)
  2 leopard geckos
  11 orcs
  7 giant cockroaches
  7 goblins
  8 hobgoblins
  6 jackals
  9 kobolds
  4 quokkas
  11 bats
  6 frilled lizards
  A leopard gecko zombie (D:6)
  9 rats
125 creatures vanquished.

Notes
Turn   | Place    | Note
-------+----------+-------------------------------------------
     0 | D:1      | snha the Formicid Fighter began the quest for the Orb.
     0 | D:1      | Reached XP level 1. HP: 18/18 MP: 1/1
    39 | D:1      | Reached XP level 2. HP: 24/24 MP: 2/2
   141 | D:1      | Reached skill level 3 in Polearms
   163 | D:1      | You fall through a shaft!
   263 | D:2      | Found a shadowy altar of Dithmenos.
   283 | D:2      | Reached XP level 3. HP: 29/29 MP: 3/3
  1070 | D:1      | Reached skill level 4 in Polearms
  1070 | D:1      | Reached XP level 4. HP: 31/35 MP: 4/4
  1267 | D:2      | Found an ancient bone altar of Kikubaaqudgha.
  1422 | D:2      | Found a blossoming altar of Fedhas.
  1814 | D:3      | Noticed Jessica
  1819 | D:3      | Killed Jessica
  1819 | D:3      | Reached XP level 5. HP: 41/41 MP: 5/5
  1836 | D:3      | Reached skill level 5 in Polearms
  1895 | D:3      | Noticed imWUMPUS's ghost (amateur SpEn)
  1952 | D:3      | Killed imWUMPUS's ghost
  2184 | D:3      | Reached XP level 6. HP: 47/47 MP: 6/6
  2280 | D:3      | Reached skill level 6 in Polearms
  2671 | D:3      | Found a radiant altar of Vehumet.
  2694 | D:3      | You fall through a shaft for 3 floors!
  2699 | D:5      | Entered Level 5 of the Dungeon
  3396 | D:5      | Found a shattered altar of Ashenzari.
  4111 | D:6      | Noticed todius's ghost (amateur SpAs)
  4721 | D:6      | Killed todius's ghost
  4721 | D:6      | Reached skill level 7 in Polearms
  4721 | D:6      | Reached XP level 7. HP: 29/52 MP: 7/7
  5093 | D:6      | Noticed a water moccasin
  5105 | D:6      | Killed a water moccasin
  5105 | D:6      | Reached skill level 8 in Polearms
  5130 | D:6      | Reached XP level 8. HP: 40/58 MP: 8/8
  5433 | D:6      | Reached skill level 9 in Polearms
  5629 | D:7      | Noticed imWUMPUS's ghost (novice SpEn)
  5937 | D:7      | You fall through a shaft!
  6405 | D:8      | Reached skill level 10 in Polearms
  6604 | D:8      | Noticed a hippogriff
  6615 | D:8      | Killed a hippogriff
  6784 | D:8      | Reached XP level 9. HP: 62/64 MP: 9/9
  6913 | D:8      | Reached skill level 11 in Polearms
  7108 | D:7      | Noticed Dowan
  7109 | D:7      | Noticed Duvessa
  7167 | D:7      | Killed Duvessa
  7172 | D:7      | Cast into level 1 of the Abyss (Dowan)
  7234 | Abyss:1  | Noticed an orange demon
  7256 | Abyss:1  | Reached skill level 12 in Polearms
  7293 | Abyss:1  | Noticed a starcursed mass
  7306 | Abyss:1  | HP: 3/64 [flying skull (8)]
  7306 | Abyss:1  | Killed from afar by a starcursed mass

Skill      XL: |  1  2  3  4  5  6  7  8  9 |
---------------+----------------------------+-----
Polearms       | 3 4 5 7 8 10 12 | 12.2
Fighting       | |  3.2
Armour         | |  3.2
Shields        | |  3.6

Action                   |  1- 3 |  4- 6 |  7- 9 || total
-------------------------+-------+-------+-------++-------
Melee: Trident           |   144 |   466 |   118 ||   728
       Halberd           |       |       |   128 ||   128
 Abil: Dig               |       |     3 |     4 ||     7
       Shaft Self        |       |       |     1 ||     1
Evoke: Wand              |       |       |     3 ||     3
  Use: Potion            |       |     8 |     3 ||    11
  Eat: Chunk             |       |    10 |     2 ||    12
       Ration            |       |     1 |     3 ||     4
Armor: Scale mail        |    45 |   112 |    60 ||   217
       Skin              |       |    65 |       ||    65
       Plate armour      |       |       |    31 ||    31
Dodge: Dodged            |    33 |    96 |    40 ||   169
Block: Shield            |    44 |   162 |    97 ||   303
